 Dungeon Crawl Stone Soup version 0.31-a0-263-ge8cad7f256 (webtiles) character file.

Game seed: 11093245583453540233

78 qw the Shooter (level 4, 0/36 HPs)
             Began as a Minotaur Hexslinger on July 13, 2023.
             Blown up by Ijyb (17 damage)
             ... with a mindburst bolt
             ... on level 3 of the Dungeon.
             The game lasted 00:00:34 (1469 turns).

qw the Shooter (Minotaur Hexslinger)                Turns: 1469, Time: 00:00:34

Health: 0/36       AC:  7    Str: 13    XL:     4   Next: 15%
Magic:  4/4        EV: 11    Int: 10    God:
Gold:   67         SH:  0    Dex: 14    Spells: 4/5 levels left

rFire   . . .        Y - +1 sling (freeze)
rCold   + . .        (no shield)
rNeg    + . .        g - +1 ring mail {rC+}
rPois   .            (helmet restricted)
rElec   .            (no cloak)
rCorr   .            b - +0 pair of gloves
SInv    .            (no boots)
Will    .....        (no amulet)
Stlth   +            e - ring of positive energy
HPRegen 0.26/turn    (no ring)
MPRegen 0.09/turn

%: no passive effects
@: lethally poisoned (0 -> -1)
A: horns 2, retaliatory headbutt
a: no special abilities


You were on level 3 of the Dungeon.
You visited 1 branch of the dungeon, and saw 3 of its levels.

You collected 127 gold pieces.
You spent 60 gold pieces at shops.


Innate Abilities, Weirdness & Mutations

You have a pair of horns on your head.
You reflexively headbutt those who attack you in melee.


   Skills:
 - Level 2.0 Fighting
 + Level 4.3 Ranged Weapons
 - Level 1.5 Armour
 - Level 2.1 Dodging
 - Level 1.0 Spellcasting
 - Level 2.0 Hexes


You had 4 spell levels left.
You knew the following spells:

 Your Spells              Type           Power      Damage    Failure   Level
a - Slow                  Hex            16%        N/A       32%         1

Your spell library contained the following spells:

 Spells                   Type           Power      Damage    Failure   Level
 Inner Flame              Hex/Fire       2%         N/A       82%         3
 Portal Projectile        Hex/Tloc       4%         N/A       82%         3
 Cause Fear               Hex            2%         N/A       97%         4

Inventory:

Hand Weapons
 Y - a +1 sling of freezing (weapon)
Armour
 b - a +0 pair of gloves (worn)
 g - a +1 ring mail of cold resistance (worn)
Jewellery
 e - a ring of positive energy (left hand)
Scrolls
 f - 2 scrolls of teleportation
 h - a scroll of identify {unknown}
Potions
 a - 2 potions of heal wounds
 c - a potion of might
 d - a potion of curing {unknown}
 j - a potion of magic {unknown}
 k - a potion of lignification {unknown}

Dungeon Overview and Level Annotations

Branches:
Dungeon (3/15)

Altars:

Shops:
D:2 !

Annotations:
D:3 Ijyb


Message History

You start resting.
HP restored.
You see here an adder corpse.
a - 2 potions of heal wounds (gained 1) Ijyb the Twisted Goblin comes into view.
She is wielding a +2 dagger of flaming and carrying a wand of mindburst.
Ijyb shouts!
You hear an angry hiss.
An adder comes into view. x2
Ijyb moves out of view.
You shoot a sling bullet.
The sling bullet closely misses the adder.
The adder hisses angrily. x2
You shoot a sling bullet.
The sling bullet barely misses the adder.
Ijyb screams, "It's all mine!"
You shoot a sling bullet.
The sling bullet barely misses the adder.
The sling bullet hits the adder.
The sling bullet freezes the adder.
The adder is heavily wounded.
You shoot a sling bullet. The sling bullet hits the adder!
The sling bullet freezes the adder.
The adder is almost dead.
The adder bites you but does no damage. The adder bites you.
You are poisoned.
The adder poisons you! The adder bites you but does no damage.
You shoot a sling bullet. The sling bullet hits the adder!
The sling bullet freezes the adder.
You kill the adder!
You feel sick. The adder bites you but does no damage.
Ijyb zaps a wand.
Your mind is blasted!
The adder barely misses you.
Ijyb screams, "Me very upset!"
Ijyb zaps a wand.
Your mind is blasted!
You shoot a sling bullet. The sling bullet hits the adder.
The sling bullet freezes the adder.
The adder is heavily wounded.
You feel sick. The adder misses you. The adder bites you but does no damage.
You shoot a sling bullet. The sling bullet hits the adder.
The adder seems to slow down.
The sling bullet freezes the adder.
You kill the adder!
You feel sick.
Ijyb zaps a wand.
Your mind is blasted!
You die...

## ...# # ...# ..
#####...# ...#
####..#....#####
..#..#.#............#
#....%.............
#....g@............
..#..####.......# ...
##.#....# . ####%..#
##.#....#
####......##
..........#
#.####.#.#
..#.####.#.##...


You could see Ijyb.

Vanquished Creatures
  4 adders (D:3)
  A dart slug (D:1)
  4 endoplasms (D:1)
  6 goblins
  A hobgoblin (D:1)
  10 jackals (D:2)
  4 quokkas
  3 ball pythons
  4 bats
  2 frilled lizards (D:1)
  5 kobolds
  2 rats
46 creatures vanquished.

Notes
Turn   | Place    | Note
-------+----------+-------------------------------------------
     0 | D:1      | qw the Minotaur Hexslinger began the quest for the Orb.
     0 | D:1      | Reached XP level 1. HP: 16/16 MP: 1/1
     0 | D:1      | 0 ||| qw: Version: 0.3-a-52-g30416fa
     0 | D:1      | 0 ||| qw: Game counter: 7363
     0 | D:1      | 0 ||| qw: Melee chars always use a shield: true
     0 | D:1      | 0 ||| qw: God list: Okawaru
     0 | D:1      | 0 ||| qw: Allow faded altars: false
     0 | D:1      | 0 ||| qw: Do Orc after clearing Dungeon:15 true
     0 | D:1      | 0 ||| qw: Do second Lair branch before Depths: true
     0 | D:1      | 0 ||| qw: Lair rune preference: random
     0 | D:1      | 0 ||| qw: Goals: Normal
     0 | D:1      | 0 ||| PLANNING D:1-11
   155 | D:1      | Reached skill level 3 in Ranged Weapons
   155 | D:1      | Reached XP level 2. HP: 21/23 MP: 2/2
   643 | D:1      | 643 ||| UPGRADING to +0 ring mail.
   653 | D:1      | 653 ||| DROPPING +0 robe.
   654 | D:1      | 654 ||| READING scroll labelled YHAEMU KAHUK.
   655 | D:1      | 655 ||| READING 2 scrolls labelled RARUPL QUUBB.
   659 | D:1      | 659 ||| READING scroll labelled PUKUOSH TYIMMAI.
   660 | D:1      | 660 ||| READING scroll labelled VELUEGGEOZE.
   661 | D:1      | 661 ||| DROPPING scroll of poison.
   692 | D:2      | 692 ||| STAIRDANCE
   704 | D:2      | Reached XP level 3. HP: 29/29 MP: 3/3
   829 | D:2      | Found Runge's Distillery.
   843 | D:2      | 843 ||| SHOPLISTING 2 potions of curing (72 gold, have 68).
   843 | D:2      | 843 ||| SHOPLISTING potion of cancellation (96 gold, have
                  | 68).
   843 | D:2      | 843 ||| BUYING potion of heal wounds (60 gold).
   843 | D:2      | Bought a potion of heal wounds for 60 gold pieces
   843 | D:2      | 843 ||| SHOPLISTING potion of mutation (96 gold, have 8).
   993 | D:2      | Reached skill level 4 in Ranged Weapons
  1221 | D:2      | Found a faded altar of an unknown god.
  1355 | D:2      | 1355 ||| UPGRADING to +0 pair of gloves.
  1360 | D:2      | 1360 ||| UPGRADING to +1 ring mail of cold resistance.
  1370 | D:2      | 1370 ||| DROPPING +0 ring mail.
  1371 | D:2      | 1371 ||| UPGRADING to ring of positive energy.
  1372 | D:2      | 1372 ||| DRINKING 2 cyan potions.
  1426 | D:3      | Reached skill level 1 in Armour
  1451 | D:3      | Reached XP level 4. HP: 35/36 MP: 4/4
  1462 | D:3      | Noticed Ijyb
  1469 | D:3      | Blown up by Ijyb

Levels and vault maps discovered:
D:1:      dpeg_arrival_orchard, layout_basic, minmay_bisected
D:2:      layout_loops_ring, shapermc_ecumenical_altar_mp_ritualfount,
          serial_shops, shop
D:3:      layout_loops_cross, nicolae_half_adder, uniq_ijyb

Skill      XL: |  1  2  3 |
---------------+----------+-----
Ranged Weapons | 3 4 |  4.3
Fighting       | 2 |  2.0
Armour         | 1 |  1.5
Dodging        | |  2.1
Spellcasting   | |  1.0
Hexes          | |  2.0

Action                     |  1- 3 |  4- 6 || total
---------------------------+-------+-------++-------
   Fire: Sling             |   117 |     7 ||   124
    Use: Scroll            |     4 |       ||     4
         Potion            |     1 |       ||     1
 Armour: Robe              |     4 |       ||     4
         Ring mail         |    21 |     4 ||    25
  Dodge: Dodged            |    43 |     2 ||    45

Table legend:
 A = Non-vault XP
 B = Vault XP
 C = Vault XP percentage of total XP
 D = Non-vault monster count
 E = Vault monster count
 F = Vault count percentage of total count
                 A         B        C        D         E       F
            +---------+---------+-------+---------+---------+-------
      Total |      98 |      28 |  22.2 |      42 |       4 |   8.7
            +---------+---------+-------+---------+---------+-------
        D:1 |      38 |       2 |   5.0 |      22 |       2 |   8.3
        D:2 |      33 |       0 |   0.0 |      18 |       0 |   0.0
        D:3 |      27 |      26 |  49.1 |       2 |       2 |  50.0
            +---------+---------+-------+---------+---------+-------
